 Dungeon Crawl Stone Soup version 0.21.1-1-g345015f (webtiles) character file.

98 vatarom the Slasher (level 4, 0/34 HPs)
             Began as a Gnoll Wanderer on Apr 7, 2018.
             Slain by an orc
             ... wielding a cursed -3 trident
              (1 damage)
             ... on level 3 of the Dungeon.
             The game lasted 00:03:26 (2616 turns).

vatarom the Slasher (Gnoll Wanderer)                Turns: 2616, Time: 00:03:27

Health: 0/34       AC:  2    Str: 14    XL:     4   Next: 69%
Magic:  6/6        EV: 13    Int: 15    God:
Gold:   129        SH:  0    Dex: 17    Spells: 5/5 levels left

rFire    + . .     SeeInvis .   a - +2 falchion
rCold    . . .     Gourm    .   (no shield)
rNeg     . . .     Faith    .   d - +0 robe
rPois    .         Spirit   .   (no helmet)
rElec    .         Reflect  .   (no cloak)
rCorr    .         Harm     .   (no gloves)
MR       .....                  (no boots)
Stlth    ++........             (no amulet)
HPRegen  0.11/turn              (no ring)
MPRegen  0.10/turn              (no ring)

@: lethally poisoned (0 -> -4), flying (expiring)
A: distributed training, fangs 1, thin skeletal structure 1, fire resistance 1,
mutation resistance 1, strong nose
a: no special abilities


You were on level 3 of the Dungeon.
You were full.

You visited 1 branch of the dungeon, and saw 3 of its levels.

You collected 129 gold pieces.

Inventory:

Hand Weapons
 a - a +2 falchion (weapon)
 g - a +1 trident of venom
 o - a +0 quarterstaff of crushing
Missiles
 m - 3 tomahawks (quivered)
Armour
 d - a +0 robe (worn)
Wands
 c - a wand of random effects (14)
Scrolls
 e - 4 scrolls of teleportation
 i - a scroll of enchant armour {unknown}
Books
 b - the Handbook of Combat Magic

   Spells                             Type                      Level
   a - Searing Ray                    Conjuration                  2
   b - Throw Frost                    Conjuration/Ice              2
Comestibles
 f - 3 rations


   Skills:
 + Level 2.8 Fighting
 + Level 1.2 Short Blades
 + Level 6.6 Long Blades
 + Level 1.2 Axes
 + Level 1.2 Maces & Flails
 + Level 1.2 Polearms
 + Level 1.2 Staves
 + Level 1.2 Slings
 + Level 1.2 Bows
 + Level 1.2 Crossbows
 + Level 2.8 Throwing
 + Level 1.2 Armour
 + Level 2.8 Dodging
 + Level 1.2 Stealth
 + Level 1.2 Shields
 + Level 1.2 Unarmed Combat
 + Level 1.2 Spellcasting
 + Level 1.0 Conjurations
 + Level 1.0 Hexes
 + Level 1.0 Charms
 + Level 1.0 Summonings
 + Level 3.8 Necromancy
 + Level 1.0 Translocations
 + Level 1.0 Transmutations
 + Level 1.0 Fire Magic
 + Level 1.0 Ice Magic
 + Level 1.0 Air Magic
 + Level 1.0 Earth Magic
 + Level 2.2 Poison Magic
 + Level 1.3 Invocations
 + Level 2.8 Evocations


You had 5 spell levels left.
You didn't know any spells.

Dungeon Overview and Level Annotations

Branches:
Dungeon (3/15)

Altars:
Gozag


Innate Abilities, Weirdness & Mutations

Your experience applies equally to all skills.
You have very sharp teeth.
Your uncanny sense of smell can sniff out nearby items.
You have a somewhat thin skeletal structure. (Dex +2, Stealth)
Your flesh is heat resistant. (rF+)
You are somewhat resistant to further mutation.


Message History

The orc barely misses you. The adder bites you.
You closely miss the orc. Your bite misses the orc.
The orc is heavily wounded.
The adder bites you.
The orc hits you with an enchanted trident!
* * * LOW HITPOINT WARNING * * *
You are too injured to fight recklessly!
The adder bites you.
* * * LOW HITPOINT WARNING * * *
The orc misses you. The adder bites you.
* * * LOW HITPOINT WARNING * * *
You are lethally poisoned!
The adder poisons you!
* * * LOW HITPOINT WARNING * * *
You feel sick.
You barely miss the adder.
* * * LOW HITPOINT WARNING * * *
You feel sick. The adder closely misses you.
The orc hits you from afar with an enchanted trident.
You die...

.$.##.###♣.♣# .♣
#...........#...
#............##.#
#........).......
##........<...(#
#.................
#.....o......##...
#.#.##S####### .
#.#.##@##
#####.......##
#............# ∆
#..<..........#
#.............#
#...............
#.....PP.........
####.♣♣♣[........
##. ........##


You could see an adder and an orc.

Vanquished Creatures
  An orc priest (D:3)
  3 adders (D:2)
  A worm (D:2)
  A dart slug (D:2)
  An orc (D:3)
  6 bats
  2 giant cockroaches (D:1)
  2 hobgoblins
  2 jackals (D:1)
  4 kobolds
  4 frilled lizards
  6 goblins
  2 rats
35 creatures vanquished.

Notes
Turn   | Place    | Note
-------+----------+-------------------------------------------
     0 | D:1      | vatarom the Gnoll Wanderer began the quest for the Orb.
     0 | D:1      | vatarom set off with: a +2 falchion, the Handbook of Combat Magic, a wand of random effects (15), a +0 robe, a ration
     0 | D:1      | Reached XP level 1. HP: 17/17 MP: 2/2
     0 | D:1      | Identified the Handbook of Combat Magic
   432 | D:1      | Reached XP level 2. HP: 12/23 MP: 3/3
  1177 | D:2      | Reached XP level 3. HP: 24/28 MP: 4/4
  1187 | D:2      | Found an opulent altar of Gozag.
  1395 | D:2      | Reached skill level 1 in Invocations
  1577 | D:2      | Reached skill level 1 in Short Blades
  1577 | D:2      | Reached skill level 1 in Axes
  1577 | D:2      | Reached skill level 1 in Maces & Flails
  1577 | D:2      | Reached skill level 1 in Polearms
  1577 | D:2      | Reached skill level 1 in Staves
  1577 | D:2      | Reached skill level 1 in Slings
  1577 | D:2      | Reached skill level 1 in Bows
  1577 | D:2      | Reached skill level 1 in Crossbows
  1577 | D:2      | Reached skill level 1 in Armour
  1577 | D:2      | Reached skill level 1 in Stealth
  1577 | D:2      | Reached skill level 1 in Shields
  1577 | D:2      | Reached skill level 1 in Unarmed Combat
  1577 | D:2      | Reached skill level 1 in Spellcasting
  1577 | D:2      | Reached XP level 4. HP: 14/34 MP: 4/6
  2549 | D:2      | Gained mutation: You are partially covered in thin metallic scales. (AC +2) [potion of mutation]
  2549 | D:2      | Gained mutation: You occasionally shout uncontrollably at your foes. [potion of mutation]
  2549 | D:2      | Gained mutation: You are partially covered in rugged brown scales. (AC +1, +3% HP) [potion of mutation]
  2550 | D:2      | Lost mutation: You are partially covered in rugged brown scales. (AC +1, +3% HP) [potion of mutation]
  2550 | D:2      | Lost mutation: You are partially covered in thin metallic scales. (AC +2) [potion of mutation]
  2550 | D:2      | Lost mutation: You occasionally shout uncontrollably at your foes. [potion of mutation]
  2550 | D:2      | Gained mutation: Your flesh is heat resistant. (rF+) [potion of mutation]
  2550 | D:2      | Gained mutation: You are somewhat resistant to further mutation. [potion of mutation]
  2550 | D:2      | Gained mutation: You have a somewhat thin skeletal structure. (Dex +2, Stealth) [potion of mutation]
  2571 | D:3      | Reached skill level 1 in Conjurations
  2571 | D:3      | Reached skill level 1 in Hexes
  2571 | D:3      | Reached skill level 1 in Charms
  2571 | D:3      | Reached skill level 1 in Summonings
  2571 | D:3      | Reached skill level 1 in Translocations
  2571 | D:3      | Reached skill level 1 in Transmutations
  2571 | D:3      | Reached skill level 1 in Fire Magic
  2571 | D:3      | Reached skill level 1 in Ice Magic
  2571 | D:3      | Reached skill level 1 in Air Magic
  2571 | D:3      | Reached skill level 1 in Earth Magic
  2616 | D:3      | HP: 1/34 [poisoned by an adder]
  2616 | D:3      | Slain by an orc

Skill      XL: |  1  2  3  4 |
---------------+-------------+-----
Poison Magic   | 2 |  2.2
Invocations    | 1 |  1.3
Short Blades   | 1 |  1.2
Axes           | 1 |  1.2
Maces & Flails | 1 |  1.2
Polearms       | 1 |  1.2
Staves         | 1 |  1.2
Slings         | 1 |  1.2
Bows           | 1 |  1.2
Crossbows      | 1 |  1.2
Armour         | 1 |  1.2
Stealth        | 1 |  1.2
Shields        | 1 |  1.2
Unarmed Combat | 1 |  1.2
Spellcasting   | 1 |  1.2
Conjurations   | 1 |  1.0
Hexes          | 1 |  1.0
Charms         | 1 |  1.0
Summonings     | 1 |  1.0
Translocations | 1 |  1.0
Transmutations | 1 |  1.0
Fire Magic     | 1 |  1.0
Ice Magic      | 1 |  1.0
Air Magic      | 1 |  1.0
Earth Magic    | 1 |  1.0
Fighting       | |  2.8
Long Blades    | |  6.6
Throwing       | |  2.8
Dodging        | |  2.8
Necromancy     | |  3.8
Evocations     | |  2.8

Action                   |  1- 3 |  4- 6 || total
-------------------------+-------+-------++-------
Melee: Falchion          |    71 |    18 ||    89
       Bite              |     9 |     5 ||    14
       Punch             |     1 |       ||     1
Evoke: Wand              |       |     1 ||     1
  Use: Scroll            |     2 |     1 ||     3
       Potion            |       |     8 ||     8
 Stab: Sleeping          |     4 |     3 ||     7
  Eat: Chunk             |     2 |     2 ||     4
       Ration            |       |     2 ||     2
Armor: Robe              |     9 |    11 ||    20
Dodge: Dodged            |    43 |    23 ||    66
       Rpst.: Falchion   |    13 |     8 ||    21
